 Dungeon Crawl Stone Soup version 0.30.0-3-ga4e48a9924 (webtiles) character file.

Game seed: 16108732198548111422

1227 LaggoTC the Firebug (level 8, -3/46 HPs)
             Began as an Octopode Fire Elementalist on May 7, 2023.
             Was a Follower of Vehumet.
             Slain by a human
             ... wielding a +2 heavy hand axe
              (9 damage)
             ... on level 7 of the Dungeon.
             The game lasted 00:41:57 (5016 turns).

LaggoTC the Firebug (Octopode Fire Elementalist)    Turns: 5016, Time: 00:42:01

Health: -3/46      AC:  1    Str:  8    XL:     8   Next: 48%
Magic:  3/14       EV: 18    Int: 25    God:    Vehumet [*.....]
Gold:   164        SH:  0    Dex: 15    Spells: 2/15 levels left

rFire   + + .        f - staff of fire "Qoxihodd" {rElec rF+ rC- Dex+3}
rCold   x x .        (no shield)
rNeg    . . .        (helmet restricted)
rPois   .            y - amulet of faith
rElec   +            k - +5 ring of evasion
rCorr   .            m - +6 ring of intelligence
SInv    .            v - ring of fire
Will    .....        (no ring)
Stlth   ++++         (no ring)
HPRegen 0.27/turn    (no ring)
MPRegen 0.14/turn    (no ring)
                     (no ring)

%: faith
@: about to teleport
A: almost no armour, amphibious, 8 rings, camouflage 1, gelatinous body 1,
(nimble swimmer 1), tentacles
a: Renounce Religion


You were on level 7 of the Dungeon.
You worshipped Vehumet.
Vehumet was aware of your devotion.
You visited 2 branches of the dungeon, and saw 8 of its levels.
You also visited: Bailey.

You collected 255 gold pieces.
You spent 91 gold pieces at shops.

Inventory:

Magical Staves
 f - the staff of fire "Qoxihodd" (weapon) {rElec rF+ rC- Dex+3}
   (You found it on level 2 of the Dungeon)

   [staff of fire]

   Base accuracy: +5 Base damage: 5 Base attack delay: 1.2 This weapon's minimum
   attack delay (0.6) is reached at skill level 12.
   Dex:       It affects your dexterity (+3).
   rF:        It protects you from fire.
   rC:        It makes you vulnerable to cold.
   rElec:     It insulates you from electricity.
   It falls into the 'Staves' category.
   It is a one-tentacled weapon.
 l - a staff of fire
Jewellery
 k - a +5 ring of evasion (left tentacle)
 m - a +6 ring of intelligence (right tentacle)
 v - a ring of fire (on tentacle)
 y - an amulet of faith (around mantle)
Wands
 h - a wand of flame (4)
 p - a wand of polymorph (4)
 t - a wand of iceblast (2)
 x - a wand of quicksilver (3)
Scrolls
 c - 2 scrolls of enchant weapon
 d - a scroll of teleportation
 e - 5 scrolls of identify
 g - a scroll of enchant armour {unknown}
 n - a scroll of fear {unknown}
 o - a scroll of blinking {unknown}
 q - a scroll of summoning {unknown}
 s - a scroll of amnesia {unknown}
Potions
 a - a potion of magic
 b - 4 potions of flight
 i - a potion of attraction {unknown}
 j - 2 potions of curing
 r - a potion of heal wounds {unknown}
 u - 2 potions of degeneration {unknown}
 w - a potion of might {unknown}


   Skills:
 - Level 3.0 Staves
 - Level 2.2 Dodging
 - Level 5.1 Stealth
 - Level 4.1 Spellcasting
 - Level 1.0 Conjurations
 - Level 3.0 Hexes
 * Level 2.7 Translocations
 + Level 6.9 Fire Magic


You had 2 spell levels left.
You knew the following spells:

 Your Spells              Type           Power      Damage    Failure   Level
a - Foxfire               Conj/Fire      100%       2x1d9     1%          1
b - Volatile Blastmotes   Fire/Tloc      100%       2d18      3%          3
c - Inner Flame           Hex/Fire       61%        N/A       3%          3
d - Teleport Other        Tloc           18%        N/A       9%          3
e - Tukima's Dance        Hex            20%        N/A       8%          3

Your spell library contained the following spells:

 Spells                   Type           Power      Damage    Failure   Level
 Kiss of Death            Conj/Necr      28%        2d7       8%          1
 Scorch                   Fire           100%       2d9       1%          2
 Lesser Beckoning         Tloc           36%        N/A       4%          2
 Gell's Gravitas          Tloc           18%        N/A       9%          3
 Portal Projectile        Hex/Tloc       38%        N/A       9%          3
 Flame Wave               Conj/Fire      54%        2d13      17%         4
 Blade Hands              Tmut           2%         N/A       94%         5


Dungeon Overview and Level Annotations

Branches:
Dungeon (7/15)             Temple (1/1) D:4          Bailey (visited)

Altars:
Dithmenos
Elyvilon
Fedhas
Gozag
Nemelex Xobeh
Qazlal
Vehumet
Yredelemnul

Shops:
D:3 (   D:4 ?

Annotations:
D:3 Sigmund
D:6 Eustachio


Innate Abilities, Weirdness & Mutations

You cannot wear most types of armour.
You are amphibious.
You can wear up to eight rings at the same time.
Your skin changes colour to match your surroundings (Stealth+).
Your rubbery body absorbs attacks. (AC +1, EV +1)
((You are camouflaged when in or above water. (Stealth+)))
You have tentacles for arms and can constrict up to eight enemies at once.


Message History

Casting: Foxfire (safe; 1% risk of failure)
Confirm with . or Enter, or press ? or * to list all spells.
You feel a strong surge of power!
You conjure some foxfire!
The human hits you with a +2 heavy hand axe!
The human hits your foxfire with a +2 heavy hand axe! x2
You closely miss the human. Your grab misses the human.
The human is moderately wounded.
The foxfire hits the human.
The human is heavily wounded.
The foxfire hits the human.
The human is heavily wounded.
The orc misses you.
Casting: Foxfire (safe; 1% risk of failure)
Confirm with . or Enter, or press ? or * to list all spells.
You feel a strong surge of power!
You conjure some foxfire!
The human hits you with a +2 heavy hand axe!
The human hits your foxfire with a +2 heavy hand axe.
The human hits your foxfire with a +2 heavy hand axe!
The orc hits you with a +0 hand axe. The orc barely misses your foxfire.
The foxfire hits the human!
The human is severely wounded.
The foxfire hits the human.
The human is severely wounded.
The human hits you with a +0 war axe!
* * * LOW HITPOINT WARNING * * *
The human hits you with a +2 heavy hand axe.
* * * LOW HITPOINT WARNING * * *
The human completely misses you.
There is a gate leading back out of this place here.
The human closely misses you. The human barely misses you.
The orc closely misses you.
Welcome back to the Dungeon!
There is an empty arch of ancient stone here.
Casting: Foxfire (safe; 1% risk of failure)
Confirm with . or Enter, or press ? or * to list all spells.
Okay, then.
As you read the scroll of teleportation, it crumbles to dust.
You feel strangely unstable. The human closely misses you. The orc misses you.
The human hits you with a +2 heavy hand axe!
You die...

#.#..............# #
#................#
##...............#
#...####........# ...
#....# #........# ....
#....####........##....#...
#....#.................#...
#.[.##....)p...........#...
######...o@)..#....... #...
#....p.......######...
######.....................
#..........#...............
#..........#...............
#.......####....#######....
######### #....# #....
###### #.... #####


You could see 2 humans and an orc.

Vanquished Creatures
  A human (Bailey)
  A water moccasin (D:6)
  2 ice beasts (D:5)
  An ogre (D:5)
  A phantom (D:5)
  3 bullfrogs
  A howler monkey (D:5)
  5 hounds
  A sleepcap (D:4)
  Ijyb (D:5)
  2 iguanas
  5 adders
  A shadow imp (D:7)
  An ufetubus (D:5)
  A worm (D:4)
  A dart slug (D:2)
  17 orcs
  4 endoplasms
  2 giant cockroaches
  5 goblins
  5 hobgoblins
  9 jackals
  4 quokkas
  3 ball pythons
  6 bats
  A frilled lizard (D:3)
  4 kobolds
  3 rats (D:1)
91 creatures vanquished.

Vanquished Creatures (others)
  A dancing weapon (D:6)
  309 foxfires
310 creatures vanquished.

Grand Total: 401 creatures vanquished

Notes
Turn   | Place    | Note
-------+----------+-------------------------------------------
     0 | D:1      | LaggoTC the Octopode Fire Elementalist began the quest for
                  | the Orb.
     0 | D:1      | Reached XP level 1. HP: 11/11 MP: 3/3
   245 | D:1      | Reached XP level 2. HP: 11/17 MP: 0/5
   499 | D:2      | Reached XP level 3. HP: 21/21 MP: 4/6
   907 | D:2      | Found a faded altar of an unknown god.
  1197 | D:2      | Identified the staff of fire "Qoxihodd" {rElec rF+ rC-
                  | Dex+3}
  1457 | D:2      | Reached XP level 4. HP: 13/27 MP: 5/8
  1750 | D:3      | Found Quriygri's Antique Weapon Boutique.
  1784 | D:3      | Noticed Sigmund
  2230 | D:3      | Reached XP level 5. HP: 31/31 MP: 6/10
  2480 | D:4      | Found a white marble altar of Elyvilon.
  2663 | D:4      | Found a staircase to the Ecumenical Temple.
  2818 | D:4      | Reached skill level 5 in Stealth
  2895 | Temple   | Entered the Ecumenical Temple
  2956 | Temple   | Became a worshipper of Vehumet
  3054 | D:4      | Found a blossoming altar of Fedhas.
  3102 | D:4      | Reached skill level 1 in Staves
  3165 | D:4      | Found Xirchod's Magic Scroll Shop.
  3171 | D:4      | Bought a scroll of teleportation for 39 gold pieces
  3171 | D:4      | Bought a scroll of identify for 26 gold pieces
  3171 | D:4      | Bought a scroll of identify for 26 gold pieces
  3358 | D:5      | Entered Level 5 of the Dungeon
  3372 | D:4      | Reached XP level 6. HP: 26/36 MP: 8/12
  3441 | D:5      | Noticed an ice beast
  3494 | D:5      | Killed an ice beast
  3495 | D:5      | Reached skill level 4 in Fire Magic
  3656 | D:5      | Noticed Ijyb
  3665 | D:5      | Killed Ijyb
  3666 | D:5      | Reached XP level 7. HP: 41/41 MP: 7/13
  3746 | D:5      | Learned a level 3 spell: Volatile Blastmotes
  3750 | D:5      | Learned a level 3 spell: Inner Flame
  3754 | D:5      | Learned a level 3 spell: Teleport Other
  3869 | D:5      | Reached skill level 1 in Hexes
  4241 | D:5      | Reached * piety under Vehumet
  4241 | D:5      | Offered knowledge of Kiss of Death by Vehumet.
  4242 | D:5      | Reached skill level 5 in Fire Magic
  4290 | D:5      | Learned a level 3 spell: Tukima's Dance
  4499 | D:6      | Noticed Eustachio
  4517 | D:6      | Reached skill level 1 in Translocations
  4517 | D:6      | Reached skill level 6 in Fire Magic
  4517 | D:6      | Reached XP level 8. HP: 46/46 MP: 6/14
  4783 | D:7      | Found a flagged portal.
  4793 | D:7      | Identified the +5 hand axe of the Spheres {speed, Contam
                  | Fly MP+9 Stlth+}
  4834 | Bailey   | Entered a bailey
  5016 | D:7      | Slain by a human

Illustrated notes

Levels and vault maps discovered:
D:1:      dpeg_arrival_arbitrary_b, layout_basic, minmay_box_of_dots
D:2:      layout_loops_corners, dreamdust_ecumenical_altar_statues,
          small_statue_intersection, dk_vineyard_3, nicolae_titane
D:3:      layout_basic, mainiacjoe_overflow_swirl, serial_shops, shop, shop,
          chequers_avenue, uniq_sigmund
D:4:      layout_layer_cave, amcnicky_altar_gilded, fedhas_altar_1,
          minmay_temple_entry_mini_moons, serial_shops, nicolae_shop_stone,
          minmay_misc_feat_square
D:5:      layout_gridville, mainiacjoe_overflow_alcove_1, uniq_ijyb
D:6:      layout_loops_ring, uniq_eustachio, uniq_menkaure
D:7:      layout_basic, mainiacjoe_overflow_six_doors_small, enter_bailey_2
Temple:   jpeg_temple_clearing

Skill      XL: |  1  2  3  4  5  6  7  8 |
---------------+-------------------------+-----
Stealth        | 3 4 5 |  5.1
Spellcasting   | 3 4 |  4.1
Staves         | 1 3 |  3.0
Fire Magic     | 4 6 |  6.9
Hexes          | 3 |  3.0
Translocations | 1 2 |  2.7
Dodging        | |  2.2
Conjurations   | |  1.0

Action                     |  1- 3 |  4- 6 |  7- 9 || total
---------------------------+-------+-------+-------++-------
  Melee: Unarmed           |    32 |       |       ||    32
         Constrict         |    10 |     2 |     1 ||    13
         Tentacles         |     7 |     1 |     2 ||    10
         Staff             |       |     9 |     5 ||    14
         Punch             |       |       |     1 ||     1
   Cast: Foxfire           |    37 |   103 |    68 ||   208
         Volatile Blastmot |       |       |     3 ||     3
         Tukima's Dance    |       |       |     1 ||     1
    Use: Scroll            |     1 |     2 |     2 ||     5
         Potion            |       |       |     1 ||     1
   Stab: Sleeping          |     1 |       |       ||     1
 Armour: Skin              |    11 |     2 |     2 ||    15
  Dodge: Dodged            |    63 |    36 |    33 ||   132
